TOP OF THE 1ST |
Erie Jaxx batting - Pitching for Lee's Summit Tigers : RHP Renato Camardiel
|
Pitching: RHP Renato Camardiel
|
|
Batting: LHB Mark Sanders
|
0-0: Ball 1-0: Ball 2-0: Ground out 6-3 (Groundball, 6M)
|
Batting: RHB Juan González
|
0-0: Called Strike 0-1: Hit by Pitch
|
Batting: RHB Shane Marshall
|
0-0: Ball 1-0: Fly out, F9 (Flyball, 9LSF)
|
Batting: RHB Raoul Alkemade
|
0-0: Ball 1-0: Ball 2-0: SINGLE (Line Drive, 8RS) Juan González to second
|
Batting: RHB Ronald Hodge
|
0-0: Called Strike 0-1: Called Strike 0-2: Ball 1-2: Ball 2-2: Fly out, F7 (Flyball, 7S)
|
Top of the 1st over - 0 runs, 1 hit, 0 errors, 2 left on base; Erie 0 - Lee's Summit 0 |
BOTTOM OF THE 1ST |
Lee's Summit Tigers batting - Pitching for Erie Jaxx : RHP Ricardo Córdova
|
Pitching: RHP Ricardo Córdova
|
|
Batting: RHB José Deleón
|
0-0: Ground out 1-3 (Groundball, 15S)
|
Batting: LHB António Bonaccorsi
|
0-0: Called Strike 0-1: Foul Ball, location: 2F 0-2: Ball 1-2: Ball 2-2: Strikes out swinging
|
Batting: LHB Brian Lawson
|
0-0: Called Strike 0-1: Ball 1-1: DOUBLE (Line Drive, 9LM)
|
Batting: LHB Víctor Piña
|
Balk! Brian Lawson to third 0-0: Ball 1-0: Ball 2-0: Called Strike 2-1: SINGLE (Line Drive, 6MD) Brian Lawson scores
|
Batting: RHB Juan Rodríguez
|
0-0: Called Strike 0-1: Ball 1-1: SINGLE (Flyball, 78S) Víctor Piña to second
|
Batting: RHB Stephen Segura
|
0-0: Ball 1-0: Ball 2-0: Swinging Strike 2-1: Ball 3-1: Base on Balls Víctor Piña to third Juan Rodríguez to second
|
Batting: RHB Josh Martin
|
0-0: Ball 1-0: Swinging Strike 1-1: Ground out 4-3 (Groundball, 4)
|
Bottom of the 1st over - 1 run, 3 hits, 0 errors, 3 left on base; Erie 0 - Lee's Summit 1 |
TOP OF THE 2ND |
Erie Jaxx batting - Pitching for Lee's Summit Tigers : RHP Renato Camardiel
|
Batting: LHB Matt Moore
|
0-0: Swinging Strike 0-1: Foul Ball, location: 2F 0-2: Strikes out swinging
|
Batting: LHB Juan Vásquez
|
0-0: Called Strike 0-1: Ball 1-1: Foul Ball, location: 2F 1-2: Foul Ball, location: 2F 1-2: Foul Ball, location: 2F 1-2: Ball 2-2: SINGLE (Flyball, 78S)
|
Batting: RHB José Hernández
|
0-0: Ball 1-0: Fly out, F6 (Popup, 4MD)
|
Batting: RHB Germán Duarte
|
0-0: Ball 1-0: Ball 2-0: Called Strike 2-1: Swinging Strike 2-2: Ball Juan Vásquez steals 2nd base 3-2: Foul Ball, location: 2F 3-2: Strikes out swinging
|
Top of the 2nd over - 0 runs, 1 hit, 0 errors, 1 left on base; Erie 0 - Lee's Summit 1 |
BOTTOM OF THE 2ND |
Lee's Summit Tigers batting - Pitching for Erie Jaxx : RHP Ricardo Córdova
|
Batting: LHB Claudio Jiménez
|
0-0: Ball 1-0: Called Strike 1-1: Ground out U3 (Groundball, 34S)
|
Batting: SHB Enrique Bartoccini
|
0-0: Ball 1-0: Ball 2-0: Ball 3-0: Base on Balls
|
Batting: RHB José Deleón
|
0-0: Called Strike Throwing error on steal attempt, E2 Enrique Bartoccini to third 0-1: Called Strike 0-2: Ball 1-2: Ball 2-2: Strikes out swinging
|
Batting: LHB António Bonaccorsi
|
0-0: Ball 1-0: Ball 2-0: Ground out 4-3 (Groundball, 4)
|
Bottom of the 2nd over - 0 runs, 0 hits, 1 error, 1 left on base; Erie 0 - Lee's Summit 1 |
TOP OF THE 3RD |
Erie Jaxx batting - Pitching for Lee's Summit Tigers : RHP Renato Camardiel
|
Batting: LHB Mark Sanders
|
0-0: Ball 1-0: SINGLE (Groundball, 56D) (infield hit)
|
Batting: RHB Juan González
|
0-0: Ball Mark Sanders steals 2nd base 1-0: Called Strike 1-1: Foul Ball, location: 2F 1-2: Foul Ball, location: 2F 1-2: Foul Ball, location: 2F 1-2: Strikes out swinging
|
Batting: RHB Shane Marshall
|
0-0: Called Strike 0-1: Called Strike 0-2: Ball 1-2: Strikes out looking
|
Batting: RHB Raoul Alkemade
|
0-0: Ball 1-0: Called Strike 1-1: Ball 2-1: Called Strike 2-2: Ground out 4-3 (Groundball, 4)
|
Top of the 3rd over - 0 runs, 1 hit, 0 errors, 1 left on base; Erie 0 - Lee's Summit 1 |
BOTTOM OF THE 3RD |
Lee's Summit Tigers batting - Pitching for Erie Jaxx : RHP Ricardo Córdova
|
Batting: LHB Brian Lawson
|
0-0: Ball 1-0: Foul Ball, location: 2F 1-1: Ball 2-1: Foul Ball, location: 2F 2-2: Ball 3-2: Strikes out looking
|
Batting: LHB Víctor Piña
|
0-0: Fly out, F3 (Line Drive, 34)
|
Batting: RHB Juan Rodríguez
|
0-0: Foul Ball, location: 2F 0-1: Ground out 6-3 (Groundball, 6)
|
Bottom of the 3rd over - 0 runs, 0 hits, 0 errors, 0 left on base; Erie 0 - Lee's Summit 1 |
TOP OF THE 4TH |
Erie Jaxx batting - Pitching for Lee's Summit Tigers : RHP Renato Camardiel
|
Batting: RHB Ronald Hodge
|
0-0: Ball 1-0: Foul Ball, location: 2F 1-1: Swinging Strike 1-2: Fly out, F5 (Line Drive, 56)
|
Batting: LHB Matt Moore
|
0-0: Ball 1-0: Foul Ball, location: 2F 1-1: Foul Ball, location: 2F 1-2: Ball 2-2: Ball 3-2: Strikes out swinging
|
Batting: LHB Juan Vásquez
|
0-0: Ground out 4-3 (Groundball, 4M)
|
Top of the 4th over - 0 runs, 0 hits, 0 errors, 0 left on base; Erie 0 - Lee's Summit 1 |
BOTTOM OF THE 4TH |
Lee's Summit Tigers batting - Pitching for Erie Jaxx : RHP Ricardo Córdova
|
Batting: RHB Stephen Segura
|
0-0: Ball 1-0: Called Strike 1-1: Swinging Strike 1-2: SINGLE (Line Drive, 6M)
|
Batting: RHB Josh Martin
|
0-0: Foul Ball, location: 2F 0-1: Called Strike 0-2: SINGLE (Line Drive, 56) Stephen Segura to second
|
Batting: LHB Claudio Jiménez
|
0-0: Ground out 3-1 (Groundball, 34S) Stephen Segura to third Josh Martin to second
|
Batting: SHB Enrique Bartoccini
|
0-0: Called Strike 0-1: Ball 1-1: Foul Ball, location: 2F 1-2: Foul Ball, location: 2F 1-2: Foul Ball, location: 2F 1-2: Strikes out swinging
|
Batting: RHB José Deleón
|
0-0: Intentional Walk
|
Batting: LHB António Bonaccorsi
|
0-0: Called Strike 0-1: Ball 1-1: Ball 2-1: Ball 3-1: Foul Ball, location: 2F 3-2: Ground out 6-3 (Groundball, 6)
|
Bottom of the 4th over - 0 runs, 2 hits, 0 errors, 3 left on base; Erie 0 - Lee's Summit 1 |
TOP OF THE 5TH |
Erie Jaxx batting - Pitching for Lee's Summit Tigers : RHP Renato Camardiel
|
Batting: RHB José Hernández
|
0-0: Swinging Strike 0-1: Ball 1-1: Called Strike 1-2: Strikes out looking
|
Batting: RHB Germán Duarte
|
0-0: Foul Ball, location: 2F 0-1: Ball 1-1: Ball 2-1: Ground out 6-3 (Groundball, 6)
|
Batting: LHB Mark Sanders
|
0-0: Ball 1-0: Fly out, F8 (Flyball, 8LD)
|
Top of the 5th over - 0 runs, 0 hits, 0 errors, 0 left on base; Erie 0 - Lee's Summit 1 |
BOTTOM OF THE 5TH |
Lee's Summit Tigers batting - Pitching for Erie Jaxx : RHP Ricardo Córdova
|
Batting: LHB Brian Lawson
|
0-0: Foul Ball, location: 2F 0-1: Ball 1-1: Foul Ball, location: 2F 1-2: Fly out, F7 (Flyball, 7S)
|
Batting: LHB Víctor Piña
|
0-0: Ball 1-0: Foul Ball, location: 2F 1-1: Ball 2-1: Ball 3-1: Base on Balls
|
Batting: RHB Juan Rodríguez
|
Pickoff Throw to First - Out! 0-0: Ground out 6-3 (Groundball, 6)
|
Bottom of the 5th over - 0 runs, 0 hits, 0 errors, 0 left on base; Erie 0 - Lee's Summit 1 |
TOP OF THE 6TH |
Erie Jaxx batting - Pitching for Lee's Summit Tigers : RHP Renato Camardiel
|
Batting: RHB Juan González
|
0-0: Called Strike 0-1: Called Strike 0-2: Strikes out looking
|
Batting: RHB Shane Marshall
|
0-0: Ball 1-0: Called Strike 1-1: Ball 2-1: Swinging Strike 2-2: Foul Ball, location: 2F 2-2: Strikes out swinging
|
Batting: RHB Raoul Alkemade
|
0-0: Called Strike 0-1: Ball 1-1: Swinging Strike 1-2: Foul Ball, location: 2F 1-2: Strikes out swinging
|
Top of the 6th over - 0 runs, 0 hits, 0 errors, 0 left on base; Erie 0 - Lee's Summit 1 |
BOTTOM OF THE 6TH |
Lee's Summit Tigers batting - Pitching for Erie Jaxx : RHP Ricardo Córdova
|
Batting: RHB Stephen Segura
|
0-0: Ball 1-0: Foul Ball, location: 2F 1-1: Foul Ball, location: 2F 1-2: Ground out 6-3 (Groundball, 6)
|
Batting: RHB Josh Martin
|
0-0: Ball 1-0: SINGLE (Groundball, 34D)
|
Batting: LHB Claudio Jiménez
|
0-0: Swinging Strike 0-1: Called Strike 0-2: SINGLE (Line Drive, 78S) Josh Martin to second
|
Batting: SHB Enrique Bartoccini
|
0-0: Called Strike 0-1: Ball 1-1: Swinging Strike 1-2: Fielders Choice at 2nd, 6-4 (Groundball, 6) Josh Martin to third
|
Batting: RHB José Deleón
|
0-0: Swinging Strike 0-1: Fly out, F8 (Flyball, 8RM)
|
Bottom of the 6th over - 0 runs, 2 hits, 0 errors, 2 left on base; Erie 0 - Lee's Summit 1 |
TOP OF THE 7TH |
Erie Jaxx batting - Pitching for Lee's Summit Tigers : RHP Renato Camardiel
|
Batting: RHB Ronald Hodge
|
0-0: Hit by Pitch
|
Batting: LHB Matt Moore
|
0-0: Bunt missed! 0-1: Bunt missed! 0-2: Ball 1-2: Ball 2-2: Foul Ball, location: 2F 2-2: Foul Ball, location: 2F 2-2: Ball 3-2: Foul Ball, location: 2F 3-2: Base on Balls Ronald Hodge to second
|
Batting: LHB Juan Vásquez
|
0-0: Ball 1-0: Sac Bunt - play at first, batter OUT! 1-4 Ronald Hodge to third Matt Moore to second
|
Batting: RHB José Hernández
|
0-0: Called Strike 0-1: Ball 1-1: Fly out, F7 (Flyball, 7) Runner from 3rd tags up, SCORES, no throw
|
Pitching: RHP Rafael Lucero
|
|
Batting: RHB Germán Duarte
|
0-0: Ball 1-0: Ball 2-0: Called Strike 2-1: Foul Ball, location: 2F 2-2: Foul Ball, location: 2F 2-2: Foul Ball, location: 2F 2-2: Foul Ball, location: 2F 2-2: Strikes out swinging
|
Top of the 7th over - 1 run, 0 hits, 0 errors, 1 left on base; Erie 1 - Lee's Summit 1 |
BOTTOM OF THE 7TH |
Lee's Summit Tigers batting - Pitching for Erie Jaxx : RHP Ricardo Córdova
|
Pitching: RHP Armando Rodríguez
|
|
Batting: LHB António Bonaccorsi
|
0-0: Foul Ball, location: 2F 0-1: Called Strike 0-2: Strikes out looking
|
Batting: LHB Brian Lawson
|
0-0: Ball 1-0: Ball 2-0: Ball 3-0: Called Strike 3-1: Called Strike 3-2: Base on Balls
|
Batting: LHB Víctor Piña
|
0-0: Foul Ball, location: 2F 0-1: Ball 1-1: Foul Ball, location: 2F 1-2: Ball 2-2: Ball 3-2: Foul Ball, location: 2F 3-2: Fly out, F8 (Flyball, 8RM)
|
Batting: RHB Juan Rodríguez
|
0-0: Swinging Strike 0-1: Ball 1-1: Foul Ball, location: 2F 1-2: Ball 2-2: Ball 3-2: Fly out, F7 (Flyball, 7)
|
Bottom of the 7th over - 0 runs, 0 hits, 0 errors, 1 left on base; Erie 1 - Lee's Summit 1 |
TOP OF THE 8TH |
Erie Jaxx batting - Pitching for Lee's Summit Tigers : RHP Rafael Lucero
|
Pinch Hitting: LHB Kyle Robbins
|
0-0: Ball 1-0: Ball 2-0: DOUBLE (Line Drive, 9LM)
|
Batting: RHB Juan González
|
0-0: Ball 1-0: Swinging Strike 1-1: Ball 2-1: Swinging Strike 2-2: SINGLE (Groundball, 56D) Kyle Robbins to third Runner from 3rd tries for Home, SAFE, no throw
|
Batting: RHB Shane Marshall
|
0-0: Swinging Strike 0-1: Ball 1-1: Foul Ball, location: 2F 1-2: Ball 2-2: Foul Ball, location: 2F 2-2: Foul Ball, location: 2F 2-2: Fly out, F3 (Popup, 3SF)
|
Pinch Hitting: SHB José Salazar
|
0-0: Swinging Strike 0-1: Foul Ball, location: 2F 0-2: Ball 1-2: Ball 2-2: Foul Ball, location: 2F 2-2: Ball 3-2: Base on Balls Juan González to second
|
Batting: RHB Ronald Hodge
|
0-0: Foul Ball, location: 2F 0-1: Ball 1-1: Ball 2-1: Foul Ball, location: 2F 2-2: Strikes out looking
|
Batting: LHB Matt Moore
|
0-0: Called Strike 0-1: Ball 1-1: Ball 2-1: Ball 3-1: Base on Balls Juan González to third José Salazar to second
|
Batting: LHB Juan Vásquez
|
0-0: Ball 1-0: Called Strike 1-1: Swinging Strike 1-2: Strikes out swinging
|
Top of the 8th over - 1 run, 2 hits, 0 errors, 3 left on base; Erie 2 - Lee's Summit 1 |
BOTTOM OF THE 8TH |
Lee's Summit Tigers batting - Pitching for Erie Jaxx : RHP Armando Rodríguez
|
Now at 2B: Kyle Robbins
|
|
Now in LF: José Salazar
|
|
Batting: RHB Stephen Segura
|
0-0: Called Strike 0-1: Called Strike 0-2: Foul Ball, location: 2F 0-2: Ball 1-2: Ball 2-2: Strikes out swinging
|
Batting: RHB Josh Martin
|
0-0: Ball 1-0: Ball 2-0: Called Strike 2-1: Ground out 5-3 (Groundball, 56)
|
Batting: LHB Claudio Jiménez
|
0-0: Called Strike 0-1: Called Strike 0-2: Ball 1-2: Ball 2-2: Foul Ball, location: 2F 2-2: Strikes out swinging
|
Bottom of the 8th over - 0 runs, 0 hits, 0 errors, 0 left on base; Erie 2 - Lee's Summit 1 |
TOP OF THE 9TH |
Erie Jaxx batting - Pitching for Lee's Summit Tigers : RHP Rafael Lucero
|
Batting: RHB José Hernández
|
0-0: Fly out, F5 (Line Drive, 56)
|
Batting: RHB Germán Duarte
|
0-0: Swinging Strike 0-1: Ball 1-1: Ball 2-1: Swinging Strike 2-2: Strikes out swinging
|
Batting: LHB Kyle Robbins
|
0-0: Called Strike 0-1: Called Strike 0-2: TRIPLE (Line Drive, 9D)
|
Batting: RHB Juan González
|
0-0: Foul Ball, location: 2F 0-1: Swinging Strike 0-2: Foul Ball, location: 2F 0-2: Ball 1-2: Strikes out looking
|
Top of the 9th over - 0 runs, 1 hit, 0 errors, 1 left on base; Erie 2 - Lee's Summit 1 |
BOTTOM OF THE 9TH |
Lee's Summit Tigers batting - Pitching for Erie Jaxx : RHP Armando Rodríguez
|
Pitching: RHP Arturo Martínez
|
|
Pinch Hitting: LHB Carlos Gutiérrez
|
0-0: Ball 1-0: Foul Ball, location: 2F 1-1: Ball 2-1: Foul Ball, location: 2F 2-2: Foul Ball, location: 2F 2-2: Foul Ball, location: 2F 2-2: Foul Ball, location: 2F 2-2: SINGLE (Groundball, 2L) (infield hit)
|
Batting: RHB José Deleón
|
0-0: Foul Ball, location: 2F 0-1: Ball 1-1: Swinging Strike 1-2: Strikes out looking
|
Batting: LHB António Bonaccorsi
|
0-0: Fly out, F9 (Line Drive, 9)
|
Batting: LHB Brian Lawson
|
0-0: Ball 1-0: Ball 2-0: Foul Ball, location: 2F 2-1: Ball 3-1: Base on Balls Carlos Gutiérrez to second
|
Batting: LHB Víctor Piña
|
0-0: Ball 1-0: Foul Ball, location: 2F 1-1: Ground out 3-1 (Groundball, 34)
|
Bottom of the 9th over - 0 runs, 1 hit, 0 errors, 2 left on base; Erie 2 - Lee's Summit 1 |
|